Penguins vs Flyers

Created - Sunday, March 20, 2016 at 01:13

Goals
1 2 3 T
Penguins 1 0 0 1
Flyers 3 1 2 6
Shots
1 2 3 T
Penguins 10 6 3 19
Flyers 9 12 9 30

1st period

1. Flyers , Kyle Okposo 31 (Bryan Little) at 8:53
2. Flyers , Kyle Okposo 32 (Bryan Little) at 9:02
3. Penguins , Joakim Lindstrom 12 (Xavier Ouellet) at 10:19 (PP)
4. Flyers , Mark Giordano 8 (Evgeni Malkin, Jakub Voracek) at 17:21 (PP)

Penalties :
Ryan Olsen (Pit) for Cross-checking (Minor) at 1:10, Jakub Voracek (Phi) for Fighting (Major) at 6:32, Curtis McKenzie (Pit) for Fighting (Major) at 6:32, Evgeni Malkin (Phi) for Hooking (Minor) at 9:32, Bryan Little (Phi) for Hooking (Minor) at 11:46, Luke Witkowski (Pit) for Cross-checking (Minor) at 15:46, Drew Bagnall (Pit) for Interference (Minor) at 15:55, Gabriel Landeskog (Phi) for Hooking (Minor) at 18:56

2nd period

5. Flyers , Bryan Little 38 (Taylor Hall, Niklas Kronwall) at 12:58

Penalties :
Drew Bagnall (Pit) for Tripping (Minor) at 2:16, Corey Perry (Phi) for Interference (Minor) at 19:10

3rd period

6. Flyers , Corey Perry 36 (Evgeni Malkin, P.K. Subban) at 1:48
7. Flyers , Taylor Hall 25 (Kyle Okposo, Bryan Little) at 6:11

Penalties :
Jakub Voracek (Phi) for Fighting (Major) at 1:24, Jeff Schultz (Pit) for Fighting (Major) at 1:24, Bryan Little (Phi) for Goalie Interference (Minor) at 2:48, Gabriel Landeskog (Phi) for Fighting (Major) at 6:18, Ben Eager (Pit) for Fighting (Major) at 6:18, Corey Perry (Phi) for Tripping (Minor) at 10:35

Goalie Stats

Alex Stalock (Pit), 24 saves from 30 shots - (0.800), L, 1-27-2, 60:00 minutes
Corey Crawford (Phi), 18 saves from 19 shots - (0.947), W, 41-17-2, 60:00 minutes

Players Stats for Penguins

Player Name              G  A  P  +/- PIM S  H  SB GA TA FO     MP     PP MP  PK MP  
------------------------------------------------------------------------------------
Ben Eager                0  0  0  -2  5   0  1  1  2  2  5/11   19:27   5:37   1:15 
Chris Butler             0  0  0   0  0   0  0  1  0  1  0/0    12:36   0:00   0:00 
Cody Ceci                0  0  0  -1  0   0  0  1  1  2  0/0     5:39   0:13   2:29 
Curtis McKenzie          0  0  0   0  5   1  3  3  0  1  2/13   17:24   4:38   1:15 
Drew Bagnall             0  0  0  -2  4   0  1  2  2  2  0/0    25:28   6:36   1:02 
Garrett Meurs            0  0  0  -2  0   0  0  0  0  0  0/0    20:22   5:09   3:25 
Jeff Schultz             0  0  0  -2  5   0  2  0  1  1  0/0    18:42   3:53   2:34 
Joakim Lindstrom         1  0  1  -1  0   4  1  1  2  1  0/0    18:37   3:55   0:00 
Luke Witkowski           0  0  0  -3  2   3  0  4  1  1  0/0    21:54   4:57   2:34 
Marcus Foligno           0  0  0  -2  0   1  2  2  2  0  1/2    14:59   1:31   0:42 
Mark Fraser              0  0  0   0  0   0  4  1  0  1  0/0    12:36   0:00   0:00 
Mikael Granlund          0  0  0   0  0   2  0  0  1  0  0/0     8:12   0:00   0:00 
Nail Yakupov             0  0  0  -2  0   1  0  0  0  1  0/7    12:09   1:16   0:00 
Reilly Smith             0  0  0  -2  0   0  0  0  0  0  0/0    10:53   0:00   0:00 
Ryan Olsen               0  0  0  -1  2   0  2  2  0  0  0/0    19:13   4:51   0:00 
Steve MacIntyre          0  0  0  -3  0   1  0  0  0  1  6/19   21:18   5:09   4:09 
Vladimir Tarasenko       0  0  0   0  0   1  0  0  2  0  0/0     8:12   0:00   0:00 
Xavier Ouellet           0  1  1  -2  0   5  1  3  3  0  0/0    24:40   5:45   3:32 

Players Stats for Flyers

Player Name              G  A  P  +/- PIM S  H  SB GA TA FO     MP     PP MP  PK MP  
------------------------------------------------------------------------------------
Barret Jackman           0  0  0   1  0   2  1  0  0  0  0/0    14:24   0:00   3:31 
Bryan Allen              0  0  0   1  0   0  1  1  0  0  0/0    10:29   0:00   0:00 
Bryan Little             1  3  4   4  4   2  1  0  3  2  11/19  21:44   2:56   5:52 
Chris Kreider            0  0  0   1  0   1  0  1  2  0  0/0     9:22   0:00   0:00 
Corey Perry              1  0  1   1  4   5  4  0  1  0  1/1    17:50   3:10   0:00 
Evgeni Malkin            0  2  2   1  2   2  1  0  3  0  13/17  18:15   3:10   1:06 
Gabriel Landeskog        0  0  0   0  7   1  3  0  2  0  0/1    16:30   0:00   6:19 
Jakub Voracek            0  1  1   0  10  1  1  0  0  0  0/0    14:06   3:10   0:00 
Jay McClement            0  0  0   0  0   0  0  0  1  1  5/5    10:24   0:00   1:41 
Kyle Okposo              2  1  3   4  0   3  0  0  2  0  1/1    13:45   2:56   0:00 
Luke Glendening          0  0  0   0  0   1  0  0  0  0  0/0     9:48   0:00   1:41 
Mark Giordano            1  0  1   2  0   3  1  4  0  2  0/0    26:35   2:27   7:11 
Nate Thompson            0  0  0   0  0   1  0  0  1  0  4/4     7:31   0:00   0:00 
Niklas Kronwall          0  1  1   2  0   2  2  1  1  0  0/0    22:56   3:39   3:31 
P.K. Subban              0  1  1   2  0   0  2  0  0  1  0/0    26:35   2:27   7:11 
Riley Nash               0  0  0   0  0   0  0  0  1  1  2/3    13:38   0:00   4:04 
Slava Voynov             0  0  0   2  0   1  1  0  1  1  0/0    19:01   3:39   0:00 
Taylor Hall              1  1  2   4  0   5  4  0  1  0  1/1    16:36   2:56   1:01 

3 Stars

1 - Kyle Okposo (Phi)
2 - Taylor Hall (Phi)
3 - Bryan Little (Phi)

Power Play

Penguins - 1 on 6 Attempt(s) - 16.67%
Flyers - 1 on 4 Attempt(s) - 25.00%

Penalty Kill

Penguins - 3 on 4 Attempt(s) - 75.00% - Score 0 goal in Penalty Kill
Flyers - 5 on 6 Attempt(s) - 83.33% - Score 0 goal in Penalty Kill

Team Stat

Penguins - Hits : 17 - Faceoff Wins : 14 - Blocked Shots : 21 - Penalty Minutes : 23
Flyers - Hits : 22 - Faceoff Wins : 38 - Blocked Shots : 7 - Penalty Minutes : 27

Official

Referees : Unknown
Linesman : Unknown

Game Notes

Curtis McKenzie beats up Jakub Voracek at 6:32 of 1st period
Jakub Voracek and Jeff Schultz fight to a draw at 1:24 of 3rd period
Gabriel Landeskog and Ben Eager fight to a draw at 6:18 of 3rd period

Finance

Level 1 -- Attendance: 5785 (96.42%) -- Ticket Income $468,585
Level 2 -- Attendance: 5000 (100.00%) -- Ticket Income $260,000
Level 3 -- Attendance: 1747 (87.35%) -- Ticket Income $52,410
Level 4 -- Attendance: 4000 (100.00%) -- Ticket Income $72,000
Luxury Box -- Attendance: 939 (93.90%) -- Ticket Income $167,142
Game was played at the Wachovia Center.
Total Attendance: 17471 (97.06%)
Total Ticket Income: $1,020,137
Other Income: $499,867
Total Income: $1,520,004

Penguins

5 vs 5 Forward 
   Center                   Left Wing                Right Wing               Time % Phy DF OF 
 1 Ben Eager                Garrett Meurs            Steve MacIntyre          45     5   0  0  
 2 Curtis McKenzie          Ryan Olsen               Joakim Lindstrom         45     5   0  0  
 3 Nail Yakupov             Marcus Foligno           Reilly Smith             7      5   0  0  
 4 Ben Eager                Vladimir Tarasenko       Mikael Granlund          3      5   0  0  

5 vs 5 Defense 
   Defense                  Defense                                           Time % Phy DF OF 
 1 Drew Bagnall             Xavier Ouellet                                    35     5   0  0  
 2 Jeff Schultz             Luke Witkowski                                    30     5   0  0  
 3 Chris Butler             Mark Fraser                                       22     5   0  0  
 4 Drew Bagnall             Cody Ceci                                         13     5   0  0  

PowerPlay Forward 
   Center                   Left Wing                Right Wing               Time % Phy DF OF 
 1 Steve MacIntyre          Garrett Meurs            Ben Eager                60     5   0  0  
 2 Curtis McKenzie          Ryan Olsen               Joakim Lindstrom         40     5   0  0  

PowerPlay Defense
   Defense                  Defense                                           Time % Phy DF OF 
 1 Drew Bagnall             Xavier Ouellet                                    60     5   0  0  
 2 Jeff Schultz             Luke Witkowski                                    40     5   0  0  

Penalty Kill 4 Players Forward 
   Center                   Wing                     Time % Phy DF OF 
 1 Steve MacIntyre          Garrett Meurs            60     5   0  0  
 2 Ben Eager                Curtis McKenzie          40     5   0  0  

Penalty Kill 4 Players Defense
   Defense                  Defense                  Time % Phy DF OF 
 1 Drew Bagnall             Xavier Ouellet           60     5   0  0  
 2 Jeff Schultz             Luke Witkowski           40     5   0  0  

Penalty Kill - 3 Players Forward 
   Forward                                           Time % Phy DF OF 
 1 Steve MacIntyre                                   60     5   0  0  
 2 Ben Eager                                         40     5   0  0  

Penalty Kill - 3 Players Defense
   Defense                  Defense                  Time % Phy DF OF 
 1 Drew Bagnall             Xavier Ouellet           60     5   0  0  
 2 Jeff Schultz             Luke Witkowski           40     5   0  0  

4 vs 4 Forward 
   Center                   Wing                     Time % Phy DF OF 
 1 Steve MacIntyre          Garrett Meurs            60     5   0  0  
 2 Ben Eager                Vladimir Tarasenko       40     5   0  0  

4 vs 4 Defense
   Defense                  Defense                  Time % Phy DF OF 
 1 Drew Bagnall             Xavier Ouellet           60     5   0  0  
 2 Jeff Schultz             Luke Witkowski           40     5   0  0  

Last Minutes Offensive
   Center                   Left Wing                Right Wing               Defense                  Defense                  
   Ben Eager                Garrett Meurs            Steve MacIntyre          Drew Bagnall             Xavier Ouellet           

Last Minutes Defensive
   Center                   Left Wing                Right Wing               Defense                  Defense                  
   Ben Eager                Garrett Meurs            Steve MacIntyre          Drew Bagnall             Xavier Ouellet           

Goaltenders
Starting : Alex Stalock             
Backup : Keith Kinkaid            

Extra Forwards
Normal : Steve MacIntyre, Ben Eager, Garrett Meurs - PP : Steve MacIntyre, Ben Eager - PK : Steve MacIntyre
Extra Defensemen
Normal : Drew Bagnall, Xavier Ouellet, Luke Witkowski - PP : Drew Bagnall - PK : Xavier Ouellet, Drew Bagnall
Penalty Shots
Ben Eager, Garrett Meurs, Steve MacIntyre, Curtis McKenzie, Joakim Lindstrom

Flyers

5 vs 5 Forward 
   Center                   Left Wing                Right Wing               Time % Phy DF OF 
 1 Evgeni Malkin            Jakub Voracek            Corey Perry              37     0   0  5  
 2 Bryan Little             Taylor Hall              Kyle Okposo              33     0   1  4  
 3 Jay McClement            Gabriel Landeskog        Riley Nash               20     0   4  1  
 4 Nate Thompson            Chris Kreider            Luke Glendening          10     0   4  1  

5 vs 5 Defense 
   Defense                  Defense                                           Time % Phy DF OF 
 1 P.K. Subban              Mark Giordano                                     35     0   1  4  
 2 Slava Voynov             Niklas Kronwall                                   35     0   1  4  
 3 Barret Jackman           Bryan Allen                                       20     1   4  0  
 4 P.K. Subban              Mark Giordano                                     10     0   3  2  

PowerPlay Forward 
   Center                   Left Wing                Right Wing               Time % Phy DF OF 
 1 Evgeni Malkin            Jakub Voracek            Corey Perry              60     0   0  5  
 2 Bryan Little             Taylor Hall              Kyle Okposo              40     0   0  5  

PowerPlay Defense
   Defense                  Defense                                           Time % Phy DF OF 
 1 P.K. Subban              Mark Giordano                                     60     0   1  4  
 2 Slava Voynov             Niklas Kronwall                                   40     0   1  4  

Penalty Kill 4 Players Forward 
   Center                   Wing                     Time % Phy DF OF 
 1 Bryan Little             Gabriel Landeskog        60     0   4  1  
 2 Jay McClement            Luke Glendening          40     0   5  0  

Penalty Kill 4 Players Defense
   Defense                  Defense                  Time % Phy DF OF 
 1 P.K. Subban              Mark Giordano            60     0   4  1  
 2 Barret Jackman           Niklas Kronwall          40     0   5  0  

Penalty Kill - 3 Players Forward 
   Forward                                           Time % Phy DF OF 
 1 Bryan Little                                      60     0   5  0  
 2 Jay McClement                                     40     0   5  0  

Penalty Kill - 3 Players Defense
   Defense                  Defense                  Time % Phy DF OF 
 1 P.K. Subban              Mark Giordano            60     0   5  0  
 2 Barret Jackman           Niklas Kronwall          40     0   5  0  

4 vs 4 Forward 
   Center                   Wing                     Time % Phy DF OF 
 1 Evgeni Malkin            Kyle Okposo              60     0   0  5  
 2 Bryan Little             Jakub Voracek            40     0   1  4  

4 vs 4 Defense
   Defense                  Defense                  Time % Phy DF OF 
 1 P.K. Subban              Mark Giordano            60     0   2  3  
 2 Slava Voynov             Niklas Kronwall          40     0   2  3  

Last Minutes Offensive
   Center                   Left Wing                Right Wing               Defense                  Defense                  
   Evgeni Malkin            Jakub Voracek            Corey Perry              P.K. Subban              Mark Giordano            

Last Minutes Defensive
   Center                   Left Wing                Right Wing               Defense                  Defense                  
   Bryan Little             Gabriel Landeskog        Luke Glendening          P.K. Subban              Mark Giordano            

Goaltenders
Starting : Corey Crawford           
Backup : Darcy Kuemper            

Extra Forwards
Normal : Gabriel Landeskog, Chris Kreider, Riley Nash - PP : Gabriel Landeskog, Chris Kreider - PK : Riley Nash
Extra Defensemen
Normal : Slava Voynov, Barret Jackman, Mark Giordano - PP : Slava Voynov - PK : Bryan Allen, Slava Voynov
Penalty Shots
Corey Perry, Evgeni Malkin, Kyle Okposo, Jakub Voracek, Bryan Little

% Time on Ice - Penguins

Lines # - Real PCT - Wanted PCT - Time Play
Normal Forward
1 - 23% - 45% - 10:09
2 - 32% - 45% - 13:58
3 - 25% - 7% - 10:53
4 - 19% - 3% - 8:12
Normal Defense
1 - 32% - 35% - 13:46
2 - 33% - 30% - 14:24
3 - 29% - 22% - 12:36
4 - 6% - 13% - 2:26
PP Forward
1 - 55% - 60% - 5:51
2 - 45% - 40% - 4:51
PP Defense
1 - 54% - 60% - 5:45
2 - 46% - 40% - 4:57
PK Forward
1 - 73% - 60% - 3:25
2 - 27% - 40% - 1:15
PK Defense
1 - 45% - 60% - 2:06
2 - 55% - 40% - 2:34
PK3 Forward
1 - 100% - 60% - 1:26
2 - 0% - 40% - 0:00
PK3 Defense
1 - 100% - 60% - 1:26
2 - 0% - 40% - 0:00
44 Forward
1 - 0% - 60%
2 - 0% - 40%
44 Defense
1 - 0% - 60%
2 - 0% - 40%
Last Minute Offensive  - 0:00
Last Minute Defensive  - 0:00
Total
Forward - 60:00
Defense - 60:00

% Time on Ice - Flyers

Lines # - Real PCT - Wanted PCT - Time Play
Normal Forward
1 - 37% - 37% - 16:09
2 - 26% - 33% - 11:25
3 - 19% - 20% - 8:07
4 - 17% - 10% - 7:31
Normal Defense
1 - 36% - 35% - 15:33
2 - 36% - 35% - 15:46
3 - 24% - 20% - 10:29
4 - 3% - 10% - 1:24
PP Forward
1 - 52% - 60% - 3:10
2 - 48% - 40% - 2:56
PP Defense
1 - 40% - 60% - 2:27
2 - 60% - 40% - 3:39
PK Forward
1 - 84% - 60% - 9:01
2 - 16% - 40% - 1:41
PK Defense
1 - 67% - 60% - 7:11
2 - 33% - 40% - 3:31
PK3 Forward
1 - 0% - 60%
2 - 0% - 40%
PK3 Defense
1 - 0% - 60%
2 - 0% - 40%
44 Forward
1 - 0% - 60%
2 - 0% - 40%
44 Defense
1 - 0% - 60%
2 - 0% - 40%
Last Minute Offensive  - 0:00
Last Minute Defensive  - 0:00
Total
Forward - 60:00
Defense - 60:00

Play by Play

1st period


0:01 of 1st period - Evgeni Malkin wins face-off versus Ben Eager in neutral zone.
0:04 of 1st period - Snap shot by Corey Perry.
0:04 of 1st period - Stopped by Alex Stalock without a rebound.
0:05 of 1st period - Evgeni Malkin wins face-off versus Steve MacIntyre in Penguins zone.
0:23 of 1st period - Wrist shot by Jakub Voracek.
0:23 of 1st period - Stopped by Alex Stalock with a rebound.
0:34 of 1st period - Xavier Ouellet is hit by Evgeni Malkin and loses puck.
0:55 of 1st period - Snap shot by Taylor Hall.
0:55 of 1st period - Deflect By Joakim Lindstrom.
0:55 of 1st period - Shot Blocked by Drew Bagnall.
0:55 of 1st period - Puck is out of play.
0:56 of 1st period - Bryan Little wins face-off versus Curtis McKenzie in Penguins zone.
1:10 of 1st period - Minor Penalty to Ryan Olsen for Cross-checking.
1:11 of 1st period - Steve MacIntyre wins face-off versus Evgeni Malkin in Penguins zone.
1:31 of 1st period - Snap shot by Evgeni Malkin.
1:31 of 1st period - Stopped by Alex Stalock with a rebound.
2:07 of 1st period - Slapshot by Luke Witkowski.
2:07 of 1st period - Stopped by Corey Crawford with a rebound.
2:46 of 1st period - Snap shot by Jakub Voracek.
2:46 of 1st period - Shot Misses the Net.
3:10 of 1st period - Penalty to Ryan Olsen is over, Ryan Olsen is back on ice.
4:46 of 1st period - Wrist shot by Jakub Voracek.
4:46 of 1st period - Deflect By Evgeni Malkin.
4:46 of 1st period - Shot Misses the Net.
4:46 of 1st period - Puck is out of play.
4:47 of 1st period - Evgeni Malkin wins face-off versus Nail Yakupov in Penguins zone.
5:12 of 1st period - Marcus Foligno is hit by Taylor Hall and loses puck.
5:27 of 1st period - Kyle Okposo is hit by Mark Fraser and loses puck.
5:45 of 1st period - Icing by Jay McClement.
5:46 of 1st period - Jay McClement wins face-off versus Ben Eager in Flyers zone.
6:11 of 1st period - Snap shot by Mikael Granlund.
6:11 of 1st period - Stopped by Corey Crawford without a rebound.
6:12 of 1st period - Evgeni Malkin wins face-off versus Curtis McKenzie in Flyers zone.
6:32 of 1st period - Curtis McKenzie beats up Jakub Voracek.
6:32 of 1st period - Penalty to Jakub Voracek for Fighting.
6:32 of 1st period - Penalty to Curtis McKenzie for Fighting.
6:33 of 1st period - Bryan Little wins face-off versus Ben Eager in Penguins zone.
7:03 of 1st period - Snap shot by Kyle Okposo.
7:03 of 1st period - Shot Blocked by Joakim Lindstrom.
7:05 of 1st period - Slapshot by Mark Giordano.
7:05 of 1st period - Deflect By Taylor Hall.
7:05 of 1st period - Shot Misses the Net.
7:05 of 1st period - Puck is out of play.
7:06 of 1st period - Evgeni Malkin wins face-off versus Nail Yakupov in Penguins zone.
7:07 of 1st period - Snap shot by Corey Perry.
7:07 of 1st period - Shot Misses the Net.
7:43 of 1st period - Snap shot by Evgeni Malkin.
7:43 of 1st period - Shot Blocked by Marcus Foligno.
8:04 of 1st period - Luke Glendening is hit by Mark Fraser and loses puck.
8:13 of 1st period - Wrist shot by Vladimir Tarasenko.
8:13 of 1st period - Shot Misses the Net.
8:43 of 1st period - Mark Giordano is hit by Xavier Ouellet.
8:53 of 1st period - Snap shot by Kyle Okposo.
8:53 of 1st period - Goal by Kyle Okposo - Penguins : 0 - Flyers : 1.
8:54 of 1st period - Taylor Hall wins face-off versus Nail Yakupov in neutral zone.
9:02 of 1st period - Snap shot by Kyle Okposo.
9:02 of 1st period - Goal by Kyle Okposo - Penguins : 0 - Flyers : 2.
9:03 of 1st period - Ben Eager wins face-off versus Bryan Little in neutral zone.
9:25 of 1st period - Slapshot by Luke Witkowski.
9:25 of 1st period - Shot Misses the Net.
9:27 of 1st period - Snap shot by Garrett Meurs.
9:27 of 1st period - Shot Misses the Net.
9:29 of 1st period - Slapshot by Luke Witkowski.
9:29 of 1st period - Stopped by Corey Crawford without a rebound.
9:30 of 1st period - Evgeni Malkin wins face-off versus Steve MacIntyre in Flyers zone.
9:32 of 1st period - Minor Penalty to Evgeni Malkin for Hooking.
9:33 of 1st period - Bryan Little wins face-off versus Steve MacIntyre in Flyers zone.
9:50 of 1st period - Slapshot by Drew Bagnall.
9:50 of 1st period - Shot Misses the Net.
9:52 of 1st period - Slapshot by Xavier Ouellet.
9:52 of 1st period - Stopped by Corey Crawford with a rebound.
9:54 of 1st period - Slapshot by Xavier Ouellet.
9:54 of 1st period - Stopped by Corey Crawford with a rebound.
9:56 of 1st period - Slapshot by Xavier Ouellet.
9:56 of 1st period - Shot Misses the Net.
9:58 of 1st period - Slapshot by Drew Bagnall.
9:58 of 1st period - Shot Blocked by Mark Giordano.
10:19 of 1st period - Wrist shot by Joakim Lindstrom.
10:19 of 1st period - Goal by Joakim Lindstrom - Penguins : 1 - Flyers : 2.
10:20 of 1st period - Corey Perry wins face-off versus Steve MacIntyre in neutral zone.
10:59 of 1st period - Luke Witkowski is hit by Niklas Kronwall and loses puck.
11:10 of 1st period - Slapshot by Kyle Okposo.
11:10 of 1st period - Shot Misses the Net.
11:12 of 1st period - Slapshot by Mark Giordano.
11:12 of 1st period - Stopped by Alex Stalock without a rebound.
11:13 of 1st period - Kyle Okposo wins face-off versus Nail Yakupov in Penguins zone.
11:44 of 1st period - Slapshot by Xavier Ouellet.
11:44 of 1st period - Shot Blocked by Mark Giordano.
11:46 of 1st period - Minor Penalty to Bryan Little for Hooking.
11:47 of 1st period - Steve MacIntyre wins face-off versus Riley Nash in Flyers zone.
11:48 of 1st period - Snap shot by Xavier Ouellet.
11:48 of 1st period - Stopped by Corey Crawford without a rebound.
11:49 of 1st period - Riley Nash wins face-off versus Steve MacIntyre in Flyers zone.
12:02 of 1st period - Xavier Ouellet is hit by Gabriel Landeskog and loses puck.
12:48 of 1st period - Evgeni Malkin is hit by Joakim Lindstrom and loses puck.
13:46 of 1st period - Penalty to Bryan Little is over, Bryan Little is back on ice.
13:49 of 1st period - Wrist shot by Joakim Lindstrom.
13:49 of 1st period - Stopped by Corey Crawford with a rebound.
14:07 of 1st period - Chris Butler is hit by Bryan Little and loses puck.
15:41 of 1st period - Bryan Allen is hit by Curtis McKenzie.
15:46 of 1st period - Minor Penalty to Luke Witkowski for Cross-checking.
15:47 of 1st period - Evgeni Malkin wins face-off versus Steve MacIntyre in Penguins zone.
15:55 of 1st period - Minor Penalty to Drew Bagnall for Interference.
15:56 of 1st period - Steve MacIntyre wins face-off versus Bryan Little in Penguins zone.
16:07 of 1st period - Icing by Niklas Kronwall.
16:08 of 1st period - Bryan Little wins face-off versus Steve MacIntyre in Flyers zone.
16:35 of 1st period - Slapshot by Xavier Ouellet.
16:35 of 1st period - Stopped by Corey Crawford with a rebound.
17:17 of 1st period - Snap shot by Evgeni Malkin.
17:17 of 1st period - Shot Blocked by Cody Ceci.
17:19 of 1st period - Wrist shot by Evgeni Malkin.
17:19 of 1st period - Stopped by Alex Stalock with a rebound.
17:21 of 1st period - Slapshot by Mark Giordano.
17:21 of 1st period - Goal by Mark Giordano - Penguins : 1 - Flyers : 3.
17:22 of 1st period - Evgeni Malkin wins face-off versus Steve MacIntyre in neutral zone.
17:49 of 1st period - Luke Witkowski is hit by Jakub Voracek and loses puck.
17:55 of 1st period - Penalty to Drew Bagnall is over, Drew Bagnall is back on ice.
18:17 of 1st period - Wrist shot by Kyle Okposo.
18:17 of 1st period - Stopped by Alex Stalock with a rebound.
18:41 of 1st period - Gabriel Landeskog is hit by Jeff Schultz and loses puck.
18:54 of 1st period - Slapshot by Curtis McKenzie.
18:54 of 1st period - Stopped by Corey Crawford with a rebound.
18:56 of 1st period - Minor Penalty to Gabriel Landeskog for Hooking.
18:57 of 1st period - Curtis McKenzie wins face-off versus Bryan Little in Flyers zone.
19:02 of 1st period - Wrist shot by Joakim Lindstrom.
19:02 of 1st period - Shot Misses the Net.
19:54 of 1st period - Backhand shot by Luke Witkowski.
19:54 of 1st period - Shot Blocked by Mark Giordano.
19:58 of 1st period - Snap shot by Luke Witkowski.
19:58 of 1st period - Shot Blocked by Mark Giordano.
Goals for this period are 1 for Penguins vs 3 for Flyers.
Shots for this period are 10 for Penguins vs 9 for Flyers.

2nd period


0:01 of 2nd period - Bryan Little wins face-off versus Steve MacIntyre in neutral zone.
0:46 of 2nd period - Wrist shot by Joakim Lindstrom.
0:46 of 2nd period - Stopped by Corey Crawford with a rebound.
0:48 of 2nd period - Snap shot by Joakim Lindstrom.
0:48 of 2nd period - Stopped by Corey Crawford with a rebound.
0:50 of 2nd period - Wrist shot by Curtis McKenzie.
0:50 of 2nd period - Shot Misses the Net.
0:56 of 2nd period - Penalty to Gabriel Landeskog is over, Gabriel Landeskog is back on ice.
1:16 of 2nd period - Curtis McKenzie is hit by Gabriel Landeskog.
1:25 of 2nd period - Ryan Olsen is hit by Mark Giordano and loses puck.
1:45 of 2nd period - Drew Bagnall is hit by Corey Perry and loses puck.
2:16 of 2nd period - Minor Penalty to Drew Bagnall for Tripping.
2:17 of 2nd period - Steve MacIntyre wins face-off versus Bryan Little in Penguins zone.
2:17 of 2nd period - Steve MacIntyre is hit by Slava Voynov.
2:39 of 2nd period - Off-side.
2:40 of 2nd period - Evgeni Malkin wins face-off versus Steve MacIntyre in neutral zone.
2:55 of 2nd period - Snap shot by Corey Perry.
2:55 of 2nd period - Stopped by Alex Stalock without a rebound.
2:56 of 2nd period - Steve MacIntyre wins face-off versus Evgeni Malkin in Penguins zone.
3:52 of 2nd period - Jeff Schultz is hit by Taylor Hall and loses puck.
4:16 of 2nd period - Penalty to Drew Bagnall is over, Drew Bagnall is back on ice.
4:42 of 2nd period - Slapshot by Riley Nash.
4:42 of 2nd period - Shot Blocked by Luke Witkowski.
4:44 of 2nd period - Wrist shot by Jay McClement.
4:44 of 2nd period - Shot Misses the Net.
4:51 of 2nd period - Slapshot by Barret Jackman.
4:51 of 2nd period - Shot Blocked by Luke Witkowski.
4:53 of 2nd period - Wrist shot by Gabriel Landeskog.
4:53 of 2nd period - Shot Blocked by Luke Witkowski.
5:21 of 2nd period - Luke Glendening is hit by Marcus Foligno and loses puck.
5:30 of 2nd period - Chris Butler is hit by Barret Jackman.
6:10 of 2nd period - Mark Giordano is hit by Ryan Olsen and loses puck.
6:22 of 2nd period - Taylor Hall is hit by Ryan Olsen and loses puck.
6:38 of 2nd period - Slapshot by Xavier Ouellet.
6:38 of 2nd period - Shot Misses the Net.
6:40 of 2nd period - Snap shot by Mikael Granlund.
6:40 of 2nd period - Deflect By Vladimir Tarasenko.
6:40 of 2nd period - Stopped by Corey Crawford with a rebound.
6:42 of 2nd period - Slapshot by Mikael Granlund.
6:42 of 2nd period - Stopped by Corey Crawford without a rebound.
6:43 of 2nd period - Ben Eager wins face-off versus Evgeni Malkin in Flyers zone.
7:20 of 2nd period - Snap shot by Evgeni Malkin.
7:20 of 2nd period - Shot Misses the Net.
7:55 of 2nd period - Slapshot by Niklas Kronwall.
7:55 of 2nd period - Deflect By Gabriel Landeskog.
7:55 of 2nd period - Shot Misses the Net.
7:55 of 2nd period - Puck is out of play.
7:56 of 2nd period - Ben Eager wins face-off versus Bryan Little in Penguins zone.
8:13 of 2nd period - Snap shot by Taylor Hall.
8:13 of 2nd period - Stopped by Alex Stalock with a rebound.
8:25 of 2nd period - Wrist shot by Taylor Hall.
8:25 of 2nd period - Stopped by Alex Stalock with a rebound.
9:11 of 2nd period - Icing by Luke Glendening.
9:12 of 2nd period - Nate Thompson wins face-off versus Nail Yakupov in Flyers zone.
10:17 of 2nd period - Mark Fraser is hit by P.K. Subban and loses puck.
10:28 of 2nd period - Slapshot by Riley Nash.
10:28 of 2nd period - Shot Blocked by Mark Fraser.
11:02 of 2nd period - Snap shot by Vladimir Tarasenko.
11:02 of 2nd period - Shot Blocked by Bryan Allen.
11:07 of 2nd period - Off-side.
11:08 of 2nd period - Nate Thompson wins face-off versus Curtis McKenzie in neutral zone.
11:19 of 2nd period - Snap shot by Chris Kreider.
11:19 of 2nd period - Stopped by Alex Stalock with a rebound.
11:21 of 2nd period - Snap shot by Nate Thompson.
11:21 of 2nd period - Stopped by Alex Stalock without a rebound.
11:22 of 2nd period - Nate Thompson wins face-off versus Curtis McKenzie in Penguins zone.
11:27 of 2nd period - Snap shot by Chris Kreider.
11:27 of 2nd period - Shot Misses the Net.
11:29 of 2nd period - Wrist shot by Luke Glendening.
11:29 of 2nd period - Shot Blocked by Xavier Ouellet.
11:31 of 2nd period - Slapshot by Niklas Kronwall.
11:31 of 2nd period - Shot Blocked by Curtis McKenzie.
11:33 of 2nd period - Wrist shot by Nate Thompson.
11:33 of 2nd period - Shot Blocked by Drew Bagnall.
11:35 of 2nd period - Snap shot by Luke Glendening.
11:35 of 2nd period - Deflect By Chris Kreider.
11:35 of 2nd period - Shot Misses the Net.
11:35 of 2nd period - Puck is out of play.
11:36 of 2nd period - Evgeni Malkin wins face-off versus Nail Yakupov in Penguins zone.
12:07 of 2nd period - Slapshot by Marcus Foligno.
12:07 of 2nd period - Shot Misses the Net.
12:46 of 2nd period - Wrist shot by Kyle Okposo.
12:46 of 2nd period - Shot Blocked by Ben Eager.
12:48 of 2nd period - Slapshot by Niklas Kronwall.
12:48 of 2nd period - Stopped by Alex Stalock with a rebound.
12:50 of 2nd period - Slapshot by Niklas Kronwall.
12:50 of 2nd period - Shot Blocked by Luke Witkowski.
12:54 of 2nd period - Snap shot by Taylor Hall.
12:54 of 2nd period - Stopped by Alex Stalock with a rebound.
12:56 of 2nd period - Wrist shot by Bryan Little.
12:56 of 2nd period - Shot Misses the Net.
12:58 of 2nd period - Slapshot by Bryan Little.
12:58 of 2nd period - Goal by Bryan Little - Penguins : 1 - Flyers : 4.
12:59 of 2nd period - Jay McClement wins face-off versus Curtis McKenzie in neutral zone.
13:10 of 2nd period - Wrist shot by Gabriel Landeskog.
13:10 of 2nd period - Stopped by Alex Stalock without a rebound.
13:11 of 2nd period - Jay McClement wins face-off versus Curtis McKenzie in Penguins zone.
13:40 of 2nd period - Slapshot by Niklas Kronwall.
13:40 of 2nd period - Shot Blocked by Ryan Olsen.
14:35 of 2nd period - Mark Fraser is hit by Corey Perry and loses puck.
14:46 of 2nd period - Mark Giordano is hit by Mark Fraser and loses puck.
15:04 of 2nd period - Icing by Curtis McKenzie.
15:05 of 2nd period - Curtis McKenzie wins face-off versus Bryan Little in Penguins zone.
15:10 of 2nd period - Barret Jackman is hit by Mark Fraser and loses puck.
15:25 of 2nd period - Snap shot by Taylor Hall.
15:25 of 2nd period - Shot Blocked by Chris Butler.
15:27 of 2nd period - Slapshot by Barret Jackman.
15:27 of 2nd period - Shot Misses the Net.
15:29 of 2nd period - Slapshot by Bryan Allen.
15:29 of 2nd period - Shot Blocked by Curtis McKenzie.
15:31 of 2nd period - Slapshot by Barret Jackman.
15:31 of 2nd period - Stopped by Alex Stalock without a rebound.
15:32 of 2nd period - Jay McClement wins face-off versus Ben Eager in Penguins zone.
15:35 of 2nd period - Snap shot by Gabriel Landeskog.
15:35 of 2nd period - Shot Misses the Net.
16:11 of 2nd period - Snap shot by Nail Yakupov.
16:11 of 2nd period - Stopped by Corey Crawford with a rebound.
16:13 of 2nd period - Snap shot by Nail Yakupov.
16:13 of 2nd period - Shot Misses the Net.
16:15 of 2nd period - Wrist shot by Reilly Smith.
16:15 of 2nd period - Shot Misses the Net.
16:17 of 2nd period - Snap shot by Marcus Foligno.
16:17 of 2nd period - Stopped by Corey Crawford with a rebound.
16:19 of 2nd period - Wrist shot by Marcus Foligno.
16:19 of 2nd period - Shot Blocked by Niklas Kronwall.
16:59 of 2nd period - Slapshot by Taylor Hall.
16:59 of 2nd period - Shot Misses the Net.
17:35 of 2nd period - Snap shot by Chris Kreider.
17:35 of 2nd period - Shot Misses the Net.
17:37 of 2nd period - Slapshot by Barret Jackman.
17:37 of 2nd period - Stopped by Alex Stalock with a rebound.
18:13 of 2nd period - Icing by Xavier Ouellet.
18:14 of 2nd period - Evgeni Malkin wins face-off versus Ben Eager in Penguins zone.
18:25 of 2nd period - Snap shot by Evgeni Malkin.
18:25 of 2nd period - Shot Blocked by Xavier Ouellet.
18:27 of 2nd period - Snap shot by Evgeni Malkin.
18:27 of 2nd period - Shot Misses the Net.
18:29 of 2nd period - Backhand shot by Mark Giordano.
18:29 of 2nd period - Stopped by Alex Stalock without a rebound.
18:30 of 2nd period - Evgeni Malkin wins face-off versus Curtis McKenzie in Penguins zone.
19:10 of 2nd period - Minor Penalty to Corey Perry for Interference.
19:11 of 2nd period - Bryan Little wins face-off versus Curtis McKenzie in Flyers zone.
Goals for this period are 0 for Penguins vs 1 for Flyers.
Shots for this period are 6 for Penguins vs 12 for Flyers.

3rd period


0:01 of 3rd period - Bryan Little wins face-off versus Steve MacIntyre in neutral zone.
0:12 of 3rd period - Drew Bagnall is hit by Gabriel Landeskog and loses puck.
0:29 of 3rd period - Off-side.
0:30 of 3rd period - Bryan Little wins face-off versus Curtis McKenzie in neutral zone.
0:35 of 3rd period - Snap shot by Bryan Little.
0:35 of 3rd period - Shot Misses the Net.
1:10 of 3rd period - Penalty to Corey Perry is over, Corey Perry is back on ice.
1:24 of 3rd period - Jakub Voracek and Jeff Schultz fight to a draw.
1:24 of 3rd period - Penalty to Jakub Voracek for Fighting.
1:24 of 3rd period - Penalty to Jeff Schultz for Fighting.
1:25 of 3rd period - Ben Eager wins face-off versus Evgeni Malkin in neutral zone.
1:40 of 3rd period - Slapshot by Drew Bagnall.
1:40 of 3rd period - Shot Blocked by Chris Kreider.
1:48 of 3rd period - Wrist shot by Corey Perry.
1:48 of 3rd period - Goal by Corey Perry - Penguins : 1 - Flyers : 5.
1:49 of 3rd period - Evgeni Malkin wins face-off versus Curtis McKenzie in neutral zone.
2:48 of 3rd period - Minor Penalty to Bryan Little for Goalie Interference.
2:49 of 3rd period - Riley Nash wins face-off versus Steve MacIntyre in Flyers zone.
3:37 of 3rd period - Evgeni Malkin is hit by Curtis McKenzie and loses puck.
3:51 of 3rd period - Cody Ceci is hit by P.K. Subban and loses puck.
3:58 of 3rd period - Snap shot by Luke Witkowski.
3:58 of 3rd period - Deflect By P.K. Subban.
3:58 of 3rd period - Stopped by Corey Crawford with a rebound.
4:10 of 3rd period - Wrist shot by Xavier Ouellet.
4:10 of 3rd period - Shot Misses the Net.
4:12 of 3rd period - Snap shot by Steve MacIntyre.
4:12 of 3rd period - Stopped by Corey Crawford without a rebound.
4:13 of 3rd period - Jay McClement wins face-off versus Steve MacIntyre in Flyers zone.
4:48 of 3rd period - Penalty to Bryan Little is over, Bryan Little is back on ice.
5:05 of 3rd period - Wrist shot by Taylor Hall.
5:05 of 3rd period - Shot Misses the Net.
5:07 of 3rd period - Slapshot by Niklas Kronwall.
5:07 of 3rd period - Deflect By Bryan Little.
5:07 of 3rd period - Stopped by Alex Stalock with a rebound.
5:33 of 3rd period - Backhand shot by Corey Perry.
5:33 of 3rd period - Stopped by Alex Stalock with a rebound.
5:35 of 3rd period - Snap shot by Corey Perry.
5:35 of 3rd period - Shot Blocked by Curtis McKenzie.
5:37 of 3rd period - Snap shot by Evgeni Malkin.
5:37 of 3rd period - Shot Blocked by Xavier Ouellet.
5:39 of 3rd period - Snap shot by Barret Jackman.
5:39 of 3rd period - Shot Blocked by Ryan Olsen.
5:41 of 3rd period - Slapshot by Bryan Allen.
5:41 of 3rd period - Shot Misses the Net.
5:45 of 3rd period - Wrist shot by Corey Perry.
5:45 of 3rd period - Shot Misses the Net.
5:47 of 3rd period - Snap shot by Corey Perry.
5:47 of 3rd period - Stopped by Alex Stalock without a rebound.
5:48 of 3rd period - Bryan Little wins face-off versus Nail Yakupov in Penguins zone.
6:09 of 3rd period - Snap shot by Kyle Okposo.
6:09 of 3rd period - Shot Misses the Net.
6:11 of 3rd period - Snap shot by Taylor Hall.
6:11 of 3rd period - Goal by Taylor Hall - Penguins : 1 - Flyers : 6.
6:12 of 3rd period - Ben Eager wins face-off versus Gabriel Landeskog in neutral zone.
6:17 of 3rd period - Snap shot by Cody Ceci.
6:17 of 3rd period - Shot Misses the Net.
6:18 of 3rd period - Gabriel Landeskog and Ben Eager fight to a draw.
6:18 of 3rd period - Penalty to Gabriel Landeskog for Fighting.
6:18 of 3rd period - Penalty to Ben Eager for Fighting.
6:19 of 3rd period - Marcus Foligno wins face-off versus Bryan Little in Flyers zone.
6:26 of 3rd period - Slapshot by Xavier Ouellet.
6:26 of 3rd period - Stopped by Corey Crawford without a rebound.
6:27 of 3rd period - Bryan Little wins face-off versus Marcus Foligno in Flyers zone.
6:34 of 3rd period - Snap shot by Kyle Okposo.
6:34 of 3rd period - Shot Misses the Net.
6:36 of 3rd period - Wrist shot by Bryan Little.
6:36 of 3rd period - Shot Blocked by Marcus Foligno.
6:56 of 3rd period - Slapshot by Taylor Hall.
6:56 of 3rd period - Shot Misses the Net.
7:34 of 3rd period - Wrist shot by Evgeni Malkin.
7:34 of 3rd period - Shot Misses the Net.
7:36 of 3rd period - Slapshot by Niklas Kronwall.
7:36 of 3rd period - Stopped by Alex Stalock with a rebound.
7:38 of 3rd period - Snap shot by Slava Voynov.
7:38 of 3rd period - Stopped by Alex Stalock with a rebound.
10:10 of 3rd period - Joakim Lindstrom is hit by Taylor Hall and loses puck.
10:35 of 3rd period - Minor Penalty to Corey Perry for Tripping.
10:36 of 3rd period - Bryan Little wins face-off versus Curtis McKenzie in Flyers zone.
10:36 of 3rd period - Bryan Little is hit by Curtis McKenzie.
11:18 of 3rd period - Penalty to Gabriel Landeskog is over, Gabriel Landeskog is back on ice.
12:00 of 3rd period - Nail Yakupov is hit by Niklas Kronwall.
12:17 of 3rd period - Icing by Ben Eager.
12:18 of 3rd period - Steve MacIntyre wins face-off versus Bryan Little in Penguins zone.
12:35 of 3rd period - Penalty to Corey Perry is over, Corey Perry is back on ice.
14:01 of 3rd period - Barret Jackman is hit by Ben Eager and loses puck.
14:29 of 3rd period - Bryan Allen is hit by Marcus Foligno and loses puck.
15:15 of 3rd period - Gabriel Landeskog is hit by Drew Bagnall and loses puck.
15:25 of 3rd period - Off-side.
15:26 of 3rd period - Nate Thompson wins face-off versus Ben Eager in neutral zone.
15:33 of 3rd period - Wrist shot by Chris Kreider.
15:33 of 3rd period - Shot Misses the Net.
15:35 of 3rd period - Snap shot by Luke Glendening.
15:35 of 3rd period - Stopped by Alex Stalock with a rebound.
16:13 of 3rd period - Snap shot by Taylor Hall.
16:13 of 3rd period - Stopped by Alex Stalock with a rebound.
16:19 of 3rd period - Mark Giordano is hit by Jeff Schultz and loses puck.
17:28 of 3rd period - Garrett Meurs is hit by Corey Perry and loses puck.
18:08 of 3rd period - Ryan Olsen is hit by Taylor Hall and loses puck.
19:04 of 3rd period - Nail Yakupov is hit by Corey Perry and loses puck.
19:46 of 3rd period - Reilly Smith is hit by Bryan Allen and loses puck.
Goals for this period are 0 for Penguins vs 2 for Flyers.
Shots for this period are 3 for Penguins vs 9 for Flyers.